 Dungeon Crawl Stone Soup version 0.29-a0-982-gaed3a0c8d8 (webtiles) character file.

Game seed: 18287143438323118447

10 porpoise the Chopper (level 2, 0/23 HPs)
             Began as a Formicid Gladiator on Aug 2, 2022.
             Constricted to death by a ball python (1 damage)
             ... on level 1 of the Dungeon.
             The game lasted 00:01:12 (216 turns).

porpoise the Chopper (Formicid Gladiator)            Turns: 216, Time: 00:01:12

Health: 0/23       AC:  3    Str: 18    XL:     2   Next: 30%
Magic:  2/2        EV:  9    Int:  7    God:
Gold:   12         SH:  3    Dex: 15    Spells: 1/1 levels left

rFire   . . .      SeeInvis +   a - +0 war axe
rCold   . . .      Faith    .   e - +0 buckler
rNeg    . . .      Spirit   .   b - +0 leather armour
rPois   .          Reflect  .   (helmet unavailable)
rElec   .          Harm     .   (no cloak)
rCorr   .          Rampage  .   (no gloves)
Will    .....                   (no boots)
Stlth   +.........              (no amulet)
HPRegen 0.07/turn               (no ring)
MPRegen 0.08/turn               (no ring)

@: attractive, constricted
A: permanent stasis, dig shafts and tunnels, antennae 3, four strong arms
a: Dig, Shaft Self


You were on level 1 of the Dungeon.
You visited 1 branch of the dungeon, and saw 1 of its levels.

You collected 12 gold pieces.

Inventory:

Hand Weapons
 a - a +0 war axe (weapon)
Missiles
 c - 3 throwing nets (quivered)
 d - a javelin
Armour
 b - a +0 leather armour (worn)
 e - a +0 buckler (worn)
Potions
 f - a potion of attraction


   Skills:
 + Level 2.4 Fighting
 + Level 3.1 Axes
 + Level 2.2 Throwing
 + Level 2.8 Dodging


You had one spell level left.
You didn't know any spells.
Your spell library was empty.

Dungeon Overview and Level Annotations

Branches:
Dungeon (1/15)

Altars:


Innate Abilities, Weirdness & Mutations

You cannot be hasted, slowed, berserked, paralysed or teleported.
You can dig through walls and to a lower floor.
You have a pair of large antennae on your head. (SInv)
Your four strong arms can wield two-handed weapons with a shield.


Message History

You hit the hobgoblin.
The hobgoblin is almost dead.
The hobgoblin hits you but does no damage.
You slash the hobgoblin!
You kill the hobgoblin!
The kobold throws a stone.
The stone barely misses you.
You barely miss the frilled lizard.
The frilled lizard bites you but does no damage.
The frilled lizard bites you.
You are too injured to fight recklessly!
You completely miss the frilled lizard. The frilled lizard bites you.
* * * LOW HITPOINT WARNING * * *
You closely miss the frilled lizard. The frilled lizard bites you.
* * * LOW HITPOINT WARNING * * *
The frilled lizard closely misses you.
It was a potion of attraction.
You feel attractive to monsters. The frilled lizard closely misses you.
You barely miss the frilled lizard. The frilled lizard barely misses you.
You barely miss the frilled lizard. The frilled lizard bites you.
* * * LOW HITPOINT WARNING * * *
You miss the frilled lizard. The frilled lizard barely misses you.
The frilled lizard bites you.
* * * LOW HITPOINT WARNING * * *
You miss the frilled lizard. The frilled lizard misses you.
You hit the frilled lizard.
You kill the frilled lizard!
The kobold misses you.
You hit the kobold.
The kobold is moderately wounded.
The kobold closely misses you.
You hit the kobold.
You kill the kobold!
You start resting.
The ball python is attracted toward you.
The ball python hisses angrily.
You hit the ball python but do no damage.
The ball python bites you but does no damage.
The ball python grabs you. The ball python constricts you.
You die...

♣♣♣♣♣♣ ♣♣ ♣♣♣....♣♣♣♣
♣.♣ ♣♣...♣.....♣♣♣♣...
#######..♣♣♣♣♣.....♣...≈
.........♣ ♣♣♣♣♣...≈≈≈
#.####..♣♣ ♣♣≈≈≈≈♣ ##@♣
♣♣♣≈≈≈♣♣♣ ##S.♣
♣≈≈≈..♣♣♣ .....
♣♣≈♣♣...♣ .##.... ♣♣
♣♣♣.) .. ... ♣♣♣ .. ..
#§. . ..


You could see a ball python.

Vanquished Creatures
  A goblin (D:1)
  A hobgoblin (D:1)
  4 jackals (D:1)
  A kobold (D:1)
  A frilled lizard (D:1)
8 creatures vanquished.

Vanquished Creatures (others)
  2 plants (D:1)
2 creatures vanquished.

Grand Total: 10 creatures vanquished

Notes
Turn   | Place    | Note
-------+----------+-------------------------------------------
     0 | D:1      | porpoise the Formicid Gladiator began the quest for the
                  | Orb.
     0 | D:1      | Reached XP level 1. HP: 16/16 MP: 1/1
   197 | D:1      | Reached XP level 2. HP: 16/23 MP: 2/2
   208 | D:1      | HP: 1/23 [frilled lizard (1)]
   216 | D:1      | Constricted to death by a ball python

Illustrated notes

Levels and vault maps discovered:
D:1:      kilobyte_arrival_exit_the_forest, layout_basic

Action                   || total
-------------------------++-------
Melee: War axe           ||    34
  Use: Potion            ||     1
Armor: Leather armour    ||     5
Dodge: Dodged            ||    19
Block: Buckler           ||     5

Table legend: (Time is in decaauts)
 A = Elapsed time spent in this place.
 B = Non-inter-level travel time spent in this place.
 C = Inter-level travel time spent in this place.
 D = Time resting spent in this place.
 E = Time spent auto-exploring this place.
 F = Levels seen in this place.
 G = Mean time per level.
                   A        B        C        D        E       F      G
               +--------+--------+--------+--------+--------+-----+--------+
         Total |    230 |    230 |      0 |     29 |     90 |   1 |  230.0 |
       Dungeon |    230 |    230 |      0 |     29 |     90 |   1 |  230.0 |
               +--------+--------+--------+--------+--------+-----+--------+

Top non-repeatable levels by time:
     D:1: 230 daAuts
